Edmonton Oilers vs Washington Capitals
Created - Tuesday, May 14, 2024 at 07:29
Goals
|
| Edmonton Oilers |
1 |
0 |
0 |
1 |
| Washington Capitals |
0 |
0 |
3 |
3 |
|
Shots
|
| Edmonton Oilers |
14 |
4 |
13 |
31 |
| Washington Capitals |
14 |
2 |
16 |
32 |
|
1st period
1. Edmonton Oilers , Tanner Jeannot 6 (Dawson Mercer 13, Blake Wheeler 20) at 2:51
Penalties :
Brad Marchand (WSH) for Roughing (Minor) at 8:13, Scott Mayfield (EDM) for Hooking (Minor) at 14:07, Alex Ovechkin (WSH) for High sticking (Minor) at 14:22
2nd period
No Goal
Penalties :
Dylan DeMelo (WSH) for Roughing (Minor) at 2:16, Brad Marchand (WSH) for Tripping (Minor) at 5:34, Adrian Kempe (EDM) for Roughing (Minor) at 16:52
3rd period
2. Washington Capitals , Nick Foligno 6 (Dominik Kubalik 15, Isac Lundestrom 5) at 3:26
3. Washington Capitals , Nico Hischier 24 (John Carlson 18, Brad Marchand 26) at 4:24
4. Washington Capitals , Alex Ovechkin 30 (Brayden Point 50) at 14:52 (PP)
Penalties :
Boone Jenner (EDM) for Interference (Minor) at 6:46, Jacob Trouba (EDM) for Roughing (Minor) at 12:59
Goalie Stats
Matt Murray (EDM), 29 saves from 32 shots - (0.906), L, 1-5-0, 60:00 minutes
Jake Oettinger (WSH), 30 saves from 31 shots - (0.968), W, 26-24-5, 60:00 minutes
Players Stats for Edmonton Oilers
Player Name G A P +/- PIM S H SB GA TA FO MP PP MP PK MP
------------------------------------------------------------------------------------
Adrian Kempe 0 0 0 -1 2 2 1 0 1 0 1/1 18:12 3:33 0:00
Alex Iafallo 0 0 0 0 0 2 1 0 1 0 1/2 13:55 0:00 2:34
Blake Wheeler 0 1 1 0 0 4 0 1 0 0 0/2 14:20 3:46 0:00
Boone Jenner 0 0 0 -1 2 1 4 1 2 0 10/23 17:55 3:33 0:00
Brandon Carlo 0 0 0 -1 0 0 3 0 0 0 0/0 22:04 0:00 3:14
Brett Pesce 0 0 0 0 0 0 0 2 0 0 0/0 19:35 2:26 1:11
Brock Boeser 0 0 0 -1 0 4 3 0 1 1 2/2 18:18 3:18 0:00
David Perron 0 0 0 -1 0 4 1 0 1 0 0/0 16:10 2:39 0:13
Dawson Mercer 0 1 1 1 0 2 0 0 3 1 0/0 10:39 2:11 0:00
Derek Grant 0 0 0 1 0 0 0 0 0 0 2/5 11:20 0:00 3:19
Evan Bouchard 0 0 0 0 0 3 1 0 1 1 0/0 22:56 3:46 1:59
Jacob Trouba 0 0 0 -1 2 1 2 1 0 0 0/0 19:40 0:15 1:59
Jake DeBrusk 0 0 0 -1 0 5 2 0 2 0 1/1 16:16 2:39 0:00
Jeff Carter 0 0 0 0 0 0 2 1 0 0 5/9 13:01 0:00 2:25
Mikael Backlund 0 0 0 -1 0 1 1 0 1 0 8/13 17:46 2:39 0:22
Ryker Evans 0 0 0 0 0 0 1 0 0 0 0/0 13:38 0:00 0:53
Scott Mayfield 0 0 0 0 2 1 0 1 0 1 0/0 15:01 0:15 2:56
Tanner Jeannot 1 0 1 1 0 1 0 1 0 0 0/1 11:20 0:00 3:19
Players Stats for Washington Capitals
Player Name G A P +/- PIM S H SB GA TA FO MP PP MP PK MP
------------------------------------------------------------------------------------
Alex Ovechkin 1 0 1 -1 2 4 1 0 1 0 3/4 19:48 3:58 0:00
Brad Marchand 0 1 1 1 4 0 5 0 0 1 1/1 13:41 0:00 1:37
Brayden Point 0 1 1 -1 0 3 3 0 0 1 14/32 20:56 3:59 0:00
David Savard 0 0 0 1 0 4 3 0 0 1 0/0 25:58 4:25 3:36
Dominik Kubalik 0 1 1 1 0 4 0 0 0 2 0/0 9:48 0:00 1:31
Drake Batherson 0 0 0 1 0 0 0 0 0 1 0/0 14:44 2:07 0:00
Dylan DeMelo 0 0 0 0 2 1 1 2 0 1 0/0 14:42 1:41 0:00
Erik Johnson 0 0 0 0 0 0 1 3 0 2 0/0 15:40 0:35 2:36
Ian Cole 0 0 0 0 0 2 3 2 0 2 0/0 20:12 0:00 3:34
Isac Lundestrom 0 1 1 1 0 0 1 0 0 0 0/2 8:36 0:00 1:16
Jason Robertson 0 0 0 -1 0 0 2 0 1 0 0/0 19:52 3:59 0:02
John Carlson 0 1 1 1 0 2 2 1 0 0 0/0 23:19 4:25 0:02
Jordan Kyrou 0 0 0 0 0 3 0 0 1 0 0/0 11:16 0:00 0:00
Michael Mcleod 0 0 0 0 0 0 0 1 0 0 8/13 13:52 0:00 3:30
Nick Foligno 1 0 1 1 0 2 1 1 0 1 0/0 10:28 0:00 2:11
Nick Jensen 0 0 0 0 0 1 3 0 0 1 0/0 20:08 1:06 2:36
Nico Hischier 1 0 1 1 0 3 1 0 0 0 3/7 16:31 2:07 2:17
Owen Tippett 0 0 0 0 0 3 3 1 1 0 0/0 12:29 2:07 0:00
3 Stars
1 - Jake Oettinger (WSH)
2 - Nick Foligno (WSH)
3 - Nico Hischier (WSH)
Power Play
Edmonton Oilers - 0 on 4 Attempt(s) - 0.00%
Washington Capitals - 1 on 4 Attempt(s) - 25.00%
Penalty Kill
Edmonton Oilers - 3 on 4 Attempt(s) - 75.00%
- Score 0 goal in Penalty Kill
Washington Capitals - 4 on 4 Attempt(s) - 100.00%
- Score 0 goal in Penalty Kill
Team Stat
Edmonton Oilers - Hits : 22 - Faceoff Wins : 30 - Blocked Shots : 8 - Penalty Minutes : 8
Washington Capitals - Hits : 30 - Faceoff Wins : 29 - Blocked Shots : 11 - Penalty Minutes : 8
Official
Referees : Unknown
Linesman : Unknown
Game Notes
Scott Mayfield is injured at 14:50 of 3rd period (Right Foot)
Finance
Level 1 -- Attendance: 5810 (96.83%) -- Ticket Income $551,950
Level 2 -- Attendance: 4476 (89.52%) -- Ticket Income $246,180
Level 3 -- Attendance: 2926 (97.53%) -- Ticket Income $96,558
Level 4 -- Attendance: 4630 (92.60%) -- Ticket Income $101,860
Luxury Box -- Attendance: 767 (76.70%) -- Ticket Income $149,565
Game was played at the Verizon Center.
Total Attendance: 18609 (93.05%)
Total Ticket Income: $1,146,113
Other Income: $401,140
Total Income: $1,547,253
Edmonton Oilers
5 vs 5 Forward
Center Left Wing Right Wing Time % Phy DF OF
1 Boone Jenner Adrian Kempe David Perron 34 1 1 3
2 Mikael Backlund Jake DeBrusk Brock Boeser 34 0 2 3
3 Jeff Carter Alex Iafallo Blake Wheeler 20 1 2 2
4 Derek Grant Tanner Jeannot Dawson Mercer 12 1 3 1
5 vs 5 Defense
Defense Defense Time % Phy DF OF
1 Jacob Trouba Brandon Carlo 35 1 3 1
2 Brett Pesce Evan Bouchard 35 0 2 3
3 Ryker Evans Scott Mayfield 25 1 3 1
4 Brandon Carlo Scott Mayfield 5 1 4 0
PowerPlay Forward
Center Left Wing Right Wing Time % Phy DF OF
1 Boone Jenner Adrian Kempe Brock Boeser 60 1 0 4
2 Mikael Backlund Jake DeBrusk David Perron 40 1 0 4
PowerPlay Defense
Defense Defense Time % Phy DF OF
1 Evan Bouchard Blake Wheeler 60 1 1 3
2 Brett Pesce Dawson Mercer 40 0 2 3
Penalty Kill 4 Players Forward
Center Wing Time % Phy DF OF
1 Derek Grant Tanner Jeannot 53 1 4 0
2 Jeff Carter Alex Iafallo 47 1 4 0
Penalty Kill 4 Players Defense
Defense Defense Time % Phy DF OF
1 Brandon Carlo Jacob Trouba 50 2 3 0
2 Scott Mayfield Evan Bouchard 50 2 3 0
Penalty Kill - 3 Players Forward
Forward Time % Phy DF OF
1 Derek Grant 50 1 4 0
2 Mikael Backlund 50 1 4 0
Penalty Kill - 3 Players Defense
Defense Defense Time % Phy DF OF
1 Brandon Carlo Jacob Trouba 50 1 4 0
2 Scott Mayfield Evan Bouchard 50 1 4 0
4 vs 4 Forward
Center Wing Time % Phy DF OF
1 Boone Jenner Adrian Kempe 50 1 2 2
2 Mikael Backlund Brock Boeser 50 0 2 3
4 vs 4 Defense
Defense Defense Time % Phy DF OF
1 Jacob Trouba Brandon Carlo 50 1 3 1
2 Scott Mayfield Evan Bouchard 50 1 1 3
Last Minutes Offensive
Center Left Wing Right Wing Defense Defense
Boone Jenner Adrian Kempe Brock Boeser Brett Pesce Evan Bouchard
Last Minutes Defensive
Center Left Wing Right Wing Defense Defense
Mikael Backlund Derek Grant Tanner Jeannot Brandon Carlo Scott Mayfield
Goaltenders
Starting : Matt Murray
Backup : Juuse Saros
Extra Forwards
Normal : Brock Boeser, Adrian Kempe, Boone Jenner - PP : Jake DeBrusk, Brock Boeser - PK : Mikael Backlund
Extra Defensemen
Normal : Evan Bouchard, Jacob Trouba, Brandon Carlo - PP : Jacob Trouba - PK : Brett Pesce, Brandon Carlo
Penalty Shots
Boone Jenner, Adrian Kempe, Brock Boeser, Jake DeBrusk, Dawson Mercer
Washington Capitals
5 vs 5 Forward
Center Left Wing Right Wing Time % Phy DF OF
1 Brayden Point Alex Ovechkin Jason Robertson 40 1 1 3
2 Nico Hischier Brad Marchand Drake Batherson 30 1 1 3
3 Michael Mcleod Owen Tippett Jordan Kyrou 20 1 1 3
4 Isac Lundestrom Nick Foligno Dominik Kubalik 10 1 1 3
5 vs 5 Defense
Defense Defense Time % Phy DF OF
1 John Carlson David Savard 37 2 3 0
2 Nick Jensen Ian Cole 35 2 3 0
3 Dylan DeMelo Erik Johnson 28 2 3 0
4 John Carlson Ian Cole 0 2 3 0
PowerPlay Forward
Center Left Wing Right Wing Time % Phy DF OF
1 Brayden Point Alex Ovechkin Jason Robertson 60 1 2 2
2 Nico Hischier Owen Tippett Drake Batherson 40 1 2 2
PowerPlay Defense
Defense Defense Time % Phy DF OF
1 David Savard John Carlson 60 1 2 2
2 Dylan DeMelo Nick Jensen 40 1 2 2
Penalty Kill 4 Players Forward
Center Wing Time % Phy DF OF
1 Michael Mcleod Brad Marchand 60 1 2 2
2 Isac Lundestrom Nick Foligno 40 1 2 2
Penalty Kill 4 Players Defense
Defense Defense Time % Phy DF OF
1 David Savard Ian Cole 60 1 2 2
2 Erik Johnson Nick Jensen 40 1 2 2
Penalty Kill - 3 Players Forward
Forward Time % Phy DF OF
1 Michael Mcleod 60 1 2 2
2 Isac Lundestrom 40 1 2 2
Penalty Kill - 3 Players Defense
Defense Defense Time % Phy DF OF
1 David Savard Ian Cole 60 1 2 2
2 Erik Johnson Nick Jensen 40 1 2 2
4 vs 4 Forward
Center Wing Time % Phy DF OF
1 Brayden Point Alex Ovechkin 60 1 2 2
2 Nico Hischier Jason Robertson 40 1 2 2
4 vs 4 Defense
Defense Defense Time % Phy DF OF
1 David Savard John Carlson 60 1 2 2
2 Dylan DeMelo Nick Jensen 40 1 2 2
Last Minutes Offensive
Center Left Wing Right Wing Defense Defense
Brayden Point Alex Ovechkin Jason Robertson David Savard John Carlson
Last Minutes Defensive
Center Left Wing Right Wing Defense Defense
Nico Hischier Brad Marchand Nick Foligno Nick Jensen Ian Cole
Goaltenders
Starting : Jake Oettinger
Backup : Sergei Bobrovsky
Extra Forwards
Normal : Jordan Kyrou, Drake Batherson, Dominik Kubalik - PP : Owen Tippett, Brayden Point - PK : Nico Hischier
Extra Defensemen
Normal : Nick Jensen, Dylan DeMelo, Ian Cole - PP : John Carlson - PK : Nick Jensen, Dylan DeMelo
Penalty Shots
Jason Robertson, Drake Batherson, Brayden Point, Alex Ovechkin, David Savard
% Time on Ice - Edmonton Oilers
Lines # - Real PCT - Wanted PCT - Time Play
Normal Forward
1 - 29% - 34% - 13:19
2 - 31% - 34% - 14:05
3 - 23% - 20% - 10:33
4 - 17% - 12% - 8:01
Normal Defense
1 - 33% - 35% - 15:18
2 - 33% - 35% - 15:19
3 - 28% - 25% - 12:45
4 - 6% - 5% - 2:36
PP Forward
1 - 57% - 60% - 3:33
2 - 43% - 40% - 2:39
PP Defense
1 - 61% - 60% - 3:46
2 - 39% - 40% - 2:26
PK Forward
1 - 60% - 53% - 3:41
2 - 40% - 47% - 2:25
PK Defense
1 - 51% - 50% - 3:08
2 - 49% - 50% - 2:58
PK3 Forward
1 - 0% - 50%
2 - 0% - 50%
PK3 Defense
1 - 0% - 50%
2 - 0% - 50%
44 Forward
1 - 54% - 50% - 0:56
2 - 46% - 50% - 0:48
44 Defense
1 - 26% - 50% - 0:27
2 - 74% - 50% - 1:17
Last Minute Offensive - 0:00
Last Minute Defensive - 0:00
Total
Forward - 60:00
Defense - 60:00
|
% Time on Ice - Washington Capitals
Lines # - Real PCT - Wanted PCT - Time Play
Normal Forward
1 - 35% - 40% - 15:55
2 - 27% - 30% - 12:25
3 - 23% - 20% - 10:22
4 - 16% - 10% - 7:16
Normal Defense
1 - 38% - 37% - 17:17
2 - 35% - 35% - 15:57
3 - 26% - 28% - 11:53
4 - 2% - 0% - 0:51
PP Forward
1 - 65% - 60% - 3:59
2 - 35% - 40% - 2:07
PP Defense
1 - 72% - 60% - 4:25
2 - 28% - 40% - 1:41
PK Forward
1 - 85% - 60% - 5:16
2 - 15% - 40% - 0:56
PK Defense
1 - 58% - 60% - 3:36
2 - 42% - 40% - 2:36
PK3 Forward
1 - 0% - 60%
2 - 0% - 40%
PK3 Defense
1 - 0% - 60%
2 - 0% - 40%
44 Forward
1 - 99% - 60% - 1:43
2 - 1% - 40% - 0:01
44 Defense
1 - 58% - 60% - 1:00
2 - 42% - 40% - 0:44
Last Minute Offensive - 0:00
Last Minute Defensive - 0:00
Total
Forward - 60:00
Defense - 60:00
|
Play-by-Play
1st period
0:01 of 1st period - Boone Jenner wins face-off versus Brayden Point in neutral zone.
0:26 of 1st period - Drake Batherson is hit by Jacob Trouba and loses puck.
0:39 of 1st period - Jacob Trouba is hit by Brad Marchand and loses puck.
0:52 of 1st period - Wrist shot by Nico Hischier.
0:52 of 1st period - Deflect By Brock Boeser.
0:52 of 1st period - Shot Misses the Net.
0:52 of 1st period - Puck is out of play.
0:53 of 1st period - Jeff Carter wins face-off versus Michael Mcleod in Edmonton Oilers zone.
1:04 of 1st period - Snap shot by Blake Wheeler.
1:04 of 1st period - Shot Blocked by Erik Johnson.
1:08 of 1st period - Snap shot by Blake Wheeler.
1:08 of 1st period - Shot Blocked by Dylan DeMelo.
1:47 of 1st period - Slapshot by Dominik Kubalik.
1:47 of 1st period - Stopped by Matt Murray with a rebound.
1:49 of 1st period - Snap shot by David Savard.
1:49 of 1st period - Shot Misses the Net.
2:06 of 1st period - Scott Mayfield is hit by Owen Tippett and loses puck.
2:51 of 1st period - Snap shot by Tanner Jeannot.
2:51 of 1st period - Goal by Tanner Jeannot - Edmonton Oilers : 1 - Washington Capitals : 0.
2:52 of 1st period - Boone Jenner wins face-off versus Brayden Point in neutral zone.
3:01 of 1st period - Slapshot by Adrian Kempe.
3:01 of 1st period - Shot Misses the Net.
3:03 of 1st period - Snap shot by Boone Jenner.
3:03 of 1st period - Stopped by Jake Oettinger without a rebound.
3:04 of 1st period - Brayden Point wins face-off versus Mikael Backlund in Washington Capitals zone.
3:15 of 1st period - John Carlson is hit by Jake DeBrusk and loses puck.
3:30 of 1st period - Brett Pesce is hit by David Savard.
3:34 of 1st period - Wrist shot by Owen Tippett.
3:34 of 1st period - Shot Misses the Net.
4:00 of 1st period - Backhand shot by Nick Foligno.
4:00 of 1st period - Deflect By Dominik Kubalik.
4:00 of 1st period - Shot Misses the Net.
4:00 of 1st period - Puck is out of play.
4:01 of 1st period - Mikael Backlund wins face-off versus Nico Hischier in Edmonton Oilers zone.
4:06 of 1st period - Wrist shot by Jake DeBrusk.
4:06 of 1st period - Shot Misses the Net.
4:08 of 1st period - Slapshot by Scott Mayfield.
4:08 of 1st period - Shot Blocked by Erik Johnson.
4:10 of 1st period - Wrist shot by Jake DeBrusk.
4:10 of 1st period - Shot Blocked by Erik Johnson.
4:12 of 1st period - Wrist shot by Jake DeBrusk.
4:12 of 1st period - Stopped by Jake Oettinger without a rebound.
4:13 of 1st period - Brayden Point wins face-off versus Blake Wheeler in Washington Capitals zone.
4:18 of 1st period - Snap shot by Alex Iafallo.
4:18 of 1st period - Stopped by Jake Oettinger without a rebound.
4:19 of 1st period - Alex Ovechkin wins face-off versus Jeff Carter in Washington Capitals zone.
4:35 of 1st period - Slapshot by Alex Ovechkin.
4:35 of 1st period - Stopped by Matt Murray with a rebound.
4:51 of 1st period - Wrist shot by Jake DeBrusk.
4:51 of 1st period - Stopped by Jake Oettinger with a rebound.
5:07 of 1st period - Wrist shot by Jordan Kyrou.
5:07 of 1st period - Stopped by Matt Murray without a rebound.
5:08 of 1st period - Michael Mcleod wins face-off versus Boone Jenner in Edmonton Oilers zone.
5:17 of 1st period - Slapshot by Owen Tippett.
5:17 of 1st period - Stopped by Matt Murray with a rebound.
5:19 of 1st period - Slapshot by David Savard.
5:19 of 1st period - Deflect By Adrian Kempe.
5:19 of 1st period - Stopped by Matt Murray with a rebound.
5:21 of 1st period - Slapshot by David Savard.
5:21 of 1st period - Stopped by Matt Murray without a rebound.
5:22 of 1st period - Brayden Point wins face-off versus Derek Grant in Edmonton Oilers zone.
5:27 of 1st period - Snap shot by Brayden Point.
5:27 of 1st period - Stopped by Matt Murray with a rebound.
5:37 of 1st period - Wrist shot by Brayden Point.
5:37 of 1st period - Shot Blocked by Brett Pesce.
5:39 of 1st period - Wrist shot by Jason Robertson.
5:39 of 1st period - Shot Misses the Net.
6:29 of 1st period - Snap shot by Blake Wheeler.
6:29 of 1st period - Stopped by Jake Oettinger without a rebound.
6:30 of 1st period - Jeff Carter wins face-off versus Michael Mcleod in Washington Capitals zone.
6:45 of 1st period - Slapshot by Blake Wheeler.
6:45 of 1st period - Stopped by Jake Oettinger without a rebound.
6:46 of 1st period - Brayden Point wins face-off versus Mikael Backlund in Washington Capitals zone.
7:22 of 1st period - Icing by Nick Jensen.
7:23 of 1st period - Boone Jenner wins face-off versus Brayden Point in Washington Capitals zone.
7:48 of 1st period - Snap shot by Alex Ovechkin.
7:48 of 1st period - Stopped by Matt Murray with a rebound.
8:02 of 1st period - Wrist shot by Dawson Mercer.
8:02 of 1st period - Stopped by Jake Oettinger without a rebound.
8:03 of 1st period - Mikael Backlund wins face-off versus Nico Hischier in Washington Capitals zone.
8:04 of 1st period - Wrist shot by Brock Boeser.
8:04 of 1st period - Stopped by Jake Oettinger with a rebound.
8:06 of 1st period - Backhand shot by Mikael Backlund.
8:06 of 1st period - Deflect By Brock Boeser.
8:06 of 1st period - Stopped by Jake Oettinger with a rebound.
8:13 of 1st period - Minor Penalty to Brad Marchand for Roughing.
8:14 of 1st period - Michael Mcleod wins face-off versus Boone Jenner in Washington Capitals zone.
10:13 of 1st period - Penalty to Brad Marchand is over, Brad Marchand is back on ice.
11:19 of 1st period - Jacob Trouba is hit by Ian Cole and loses puck.
11:54 of 1st period - Brayden Point is hit by Boone Jenner and loses puck.
12:33 of 1st period - Slapshot by Nico Hischier.
12:33 of 1st period - Shot Blocked by Jeff Carter.
12:35 of 1st period - Slapshot by David Savard.
12:35 of 1st period - Stopped by Matt Murray without a rebound.
12:36 of 1st period - Nico Hischier wins face-off versus Jeff Carter in Edmonton Oilers zone.
13:25 of 1st period - Wrist shot by Adrian Kempe.
13:25 of 1st period - Stopped by Jake Oettinger with a rebound.
13:35 of 1st period - Wrist shot by Dominik Kubalik.
13:35 of 1st period - Stopped by Matt Murray without a rebound.
13:36 of 1st period - Jake DeBrusk wins face-off versus Isac Lundestrom in Edmonton Oilers zone.
13:36 of 1st period - Jake DeBrusk is hit by Ian Cole.
13:46 of 1st period - Snap shot by Jake DeBrusk.
13:46 of 1st period - Deflect By Brock Boeser.
13:46 of 1st period - Shot Misses the Net.
13:46 of 1st period - Puck is out of play.
13:47 of 1st period - Nico Hischier wins face-off versus Boone Jenner in Washington Capitals zone.
13:51 of 1st period - Off-side.
13:52 of 1st period - Brad Marchand wins face-off versus Boone Jenner in neutral zone.
14:07 of 1st period - Minor Penalty to Scott Mayfield for Hooking.
14:08 of 1st period - Brayden Point wins face-off versus Tanner Jeannot in Edmonton Oilers zone.
14:12 of 1st period - Wrist shot by Jason Robertson.
14:12 of 1st period - Shot Misses the Net.
14:14 of 1st period - Snap shot by Jason Robertson.
14:14 of 1st period - Shot Blocked by Tanner Jeannot.
14:22 of 1st period - Minor Penalty to Alex Ovechkin for High sticking.
14:23 of 1st period - Boone Jenner wins face-off versus Brayden Point in Washington Capitals zone.
14:30 of 1st period - Wrist shot by Adrian Kempe.
14:30 of 1st period - Shot Misses the Net.
15:05 of 1st period - Brock Boeser is hit by Brayden Point and loses puck.
15:18 of 1st period - Dylan DeMelo is hit by Brandon Carlo and loses puck.
16:07 of 1st period - Penalty to Scott Mayfield is over, Scott Mayfield is back on ice.
16:18 of 1st period - Snap shot by Adrian Kempe.
16:18 of 1st period - Shot Misses the Net.
16:22 of 1st period - Penalty to Alex Ovechkin is over, Alex Ovechkin is back on ice.
16:28 of 1st period - Wrist shot by Brad Marchand.
16:28 of 1st period - Shot Misses the Net.
17:26 of 1st period - Scott Mayfield is hit by Brad Marchand and loses puck.
18:03 of 1st period - Slapshot by John Carlson.
18:03 of 1st period - Stopped by Matt Murray with a rebound.
18:05 of 1st period - Slapshot by John Carlson.
18:05 of 1st period - Shot Misses the Net.
18:07 of 1st period - Wrist shot by Jordan Kyrou.
18:07 of 1st period - Deflect By Tanner Jeannot.
18:07 of 1st period - Stopped by Matt Murray with a rebound.
18:09 of 1st period - Snap shot by Ian Cole.
18:09 of 1st period - Deflect By Owen Tippett.
18:09 of 1st period - Stopped by Matt Murray with a rebound.
18:11 of 1st period - Slapshot by Ian Cole.
18:11 of 1st period - Stopped by Matt Murray without a rebound.
18:12 of 1st period - Alex Iafallo wins face-off versus Nico Hischier in Edmonton Oilers zone.
18:12 of 1st period - Alex Iafallo is hit by Brad Marchand.
18:18 of 1st period - Slapshot by Evan Bouchard.
18:18 of 1st period - Stopped by Jake Oettinger with a rebound.
18:20 of 1st period - Snap shot by Alex Iafallo.
18:20 of 1st period - Shot Misses the Net.
18:22 of 1st period - Snap shot by Blake Wheeler.
18:22 of 1st period - Shot Misses the Net.
18:24 of 1st period - Slapshot by Evan Bouchard.
18:24 of 1st period - Shot Blocked by Dylan DeMelo.
18:26 of 1st period - Wrist shot by Blake Wheeler.
18:26 of 1st period - Stopped by Jake Oettinger with a rebound.
18:38 of 1st period - Dylan DeMelo is hit by Adrian Kempe and loses puck.
18:45 of 1st period - Jacob Trouba is hit by David Savard.
18:49 of 1st period - John Carlson is hit by Boone Jenner and loses puck.
19:10 of 1st period - Wrist shot by Brock Boeser.
19:10 of 1st period - Stopped by Jake Oettinger without a rebound.
19:11 of 1st period - Michael Mcleod wins face-off versus Boone Jenner in Washington Capitals zone.
Goals for this period are 1 for Edmonton Oilers vs 0 for Washington Capitals.
Shots for this period are 14 for Edmonton Oilers vs 14 for Washington Capitals.
2nd period
0:01 of 2nd period - Brayden Point wins face-off versus Boone Jenner in neutral zone.
0:55 of 2nd period - Evan Bouchard is hit by Owen Tippett and loses puck.
0:58 of 2nd period - Snap shot by Evan Bouchard.
0:58 of 2nd period - Stopped by Jake Oettinger without a rebound.
0:59 of 2nd period - Boone Jenner wins face-off versus Brayden Point in Washington Capitals zone.
1:20 of 2nd period - Jacob Trouba is hit by Alex Ovechkin.
2:16 of 2nd period - Minor Penalty to Dylan DeMelo for Roughing.
2:17 of 2nd period - Michael Mcleod wins face-off versus Boone Jenner in Washington Capitals zone.
2:44 of 2nd period - Icing by Blake Wheeler.
2:45 of 2nd period - Mikael Backlund wins face-off versus Michael Mcleod in Edmonton Oilers zone.
2:50 of 2nd period - Jake DeBrusk is hit by Brad Marchand.
3:05 of 2nd period - Wrist shot by David Perron.
3:05 of 2nd period - Stopped by Jake Oettinger without a rebound.
3:06 of 2nd period - Michael Mcleod wins face-off versus Boone Jenner in Washington Capitals zone.
3:06 of 2nd period - Michael Mcleod is hit by Brock Boeser.
4:16 of 2nd period - Penalty to Dylan DeMelo is over, Dylan DeMelo is back on ice.
4:21 of 2nd period - Brayden Point is hit by Brock Boeser and loses puck.
5:34 of 2nd period - Minor Penalty to Brad Marchand for Tripping.
5:35 of 2nd period - Michael Mcleod wins face-off versus Boone Jenner in Washington Capitals zone.
5:50 of 2nd period - Snap shot by Boone Jenner.
5:50 of 2nd period - Deflect By Nico Hischier.
5:50 of 2nd period - Shot Misses the Net.
5:50 of 2nd period - Puck is out of play.
5:51 of 2nd period - Adrian Kempe wins face-off versus Michael Mcleod in Washington Capitals zone.
6:15 of 2nd period - David Perron is hit by Isac Lundestrom and loses puck.
7:34 of 2nd period - Penalty to Brad Marchand is over, Brad Marchand is back on ice.
7:40 of 2nd period - Brett Pesce is hit by Brayden Point and loses puck.
8:35 of 2nd period - Ryker Evans is hit by Nick Jensen and loses puck.
9:53 of 2nd period - David Savard is hit by Mikael Backlund and loses puck.
10:21 of 2nd period - Wrist shot by Nico Hischier.
10:21 of 2nd period - Stopped by Matt Murray with a rebound.
10:45 of 2nd period - Mikael Backlund is hit by Ian Cole and loses puck.
10:58 of 2nd period - Blake Wheeler is hit by Nick Jensen and loses puck.
11:39 of 2nd period - David Perron is hit by Erik Johnson and loses puck.
12:38 of 2nd period - Snap shot by Nico Hischier.
12:38 of 2nd period - Shot Misses the Net.
12:40 of 2nd period - Slapshot by Nico Hischier.
12:40 of 2nd period - Deflect By Drake Batherson.
12:40 of 2nd period - Shot Blocked by Boone Jenner.
12:40 of 2nd period - Puck is out of play.
12:41 of 2nd period - Boone Jenner wins face-off versus Brayden Point in Edmonton Oilers zone.
12:41 of 2nd period - Boone Jenner is hit by Jason Robertson.
12:55 of 2nd period - Scott Mayfield is hit by Nick Jensen and loses puck.
13:38 of 2nd period - Wrist shot by Alex Iafallo.
13:38 of 2nd period - Shot Misses the Net.
14:33 of 2nd period - Wrist shot by Jake DeBrusk.
14:33 of 2nd period - Stopped by Jake Oettinger with a rebound.
14:47 of 2nd period - Wrist shot by Jordan Kyrou.
14:47 of 2nd period - Shot Blocked by Blake Wheeler.
15:17 of 2nd period - Wrist shot by Alex Ovechkin.
15:17 of 2nd period - Shot Blocked by Brett Pesce.
15:39 of 2nd period - Slapshot by John Carlson.
15:39 of 2nd period - Shot Misses the Net.
16:24 of 2nd period - Slapshot by Evan Bouchard.
16:24 of 2nd period - Shot Blocked by Owen Tippett.
16:52 of 2nd period - Minor Penalty to Adrian Kempe for Roughing.
16:53 of 2nd period - Derek Grant wins face-off versus Brayden Point in Edmonton Oilers zone.
17:02 of 2nd period - Jacob Trouba is hit by Brayden Point and loses puck.
17:30 of 2nd period - Scott Mayfield is hit by Jason Robertson and loses puck.
18:45 of 2nd period - Alex Ovechkin is hit by Brandon Carlo and loses puck.
18:52 of 2nd period - Penalty to Adrian Kempe is over, Adrian Kempe is back on ice.
19:11 of 2nd period - Slapshot by David Perron.
19:11 of 2nd period - Stopped by Jake Oettinger without a rebound.
19:12 of 2nd period - Michael Mcleod wins face-off versus Alex Iafallo in Washington Capitals zone.
19:17 of 2nd period - Alex Iafallo is hit by Owen Tippett.
19:23 of 2nd period - Slapshot by Evan Bouchard.
19:23 of 2nd period - Shot Blocked by Michael Mcleod.
19:39 of 2nd period - Snap shot by Dominik Kubalik.
19:39 of 2nd period - Stopped by Matt Murray with a rebound.
Goals for this period are 0 for Edmonton Oilers vs 0 for Washington Capitals.
Shots for this period are 4 for Edmonton Oilers vs 2 for Washington Capitals.
3rd period
0:01 of 3rd period - Brayden Point wins face-off versus Mikael Backlund in neutral zone.
0:10 of 3rd period - Wrist shot by Brock Boeser.
0:10 of 3rd period - Shot Misses the Net.
0:12 of 3rd period - Snap shot by Jacob Trouba.
0:12 of 3rd period - Stopped by Jake Oettinger with a rebound.
0:14 of 3rd period - Snap shot by Mikael Backlund.
0:14 of 3rd period - Shot Misses the Net.
1:15 of 3rd period - Ryker Evans is hit by Dylan DeMelo.
2:02 of 3rd period - Wrist shot by Blake Wheeler.
2:02 of 3rd period - Stopped by Jake Oettinger with a rebound.
2:04 of 3rd period - Slapshot by Scott Mayfield.
2:04 of 3rd period - Stopped by Jake Oettinger without a rebound.
2:05 of 3rd period - Boone Jenner wins face-off versus Brayden Point in Washington Capitals zone.
2:18 of 3rd period - Wrist shot by Adrian Kempe.
2:18 of 3rd period - Stopped by Jake Oettinger without a rebound.
2:19 of 3rd period - Brock Boeser wins face-off versus Brayden Point in Washington Capitals zone.
2:46 of 3rd period - Nico Hischier is hit by Alex Iafallo and loses puck.
3:04 of 3rd period - Slapshot by Owen Tippett.
3:04 of 3rd period - Stopped by Matt Murray with a rebound.
3:06 of 3rd period - Slapshot by Nick Jensen.
3:06 of 3rd period - Stopped by Matt Murray with a rebound.
3:08 of 3rd period - Slapshot by Ian Cole.
3:08 of 3rd period - Shot Blocked by Jacob Trouba.
3:10 of 3rd period - Slapshot by Ian Cole.
3:10 of 3rd period - Deflect By David Perron.
3:10 of 3rd period - Stopped by Matt Murray with a rebound.
3:26 of 3rd period - Wrist shot by Nick Foligno.
3:26 of 3rd period - Goal by Nick Foligno - Edmonton Oilers : 1 - Washington Capitals : 1.
3:27 of 3rd period - Mikael Backlund wins face-off versus Brayden Point in neutral zone.
3:32 of 3rd period - Wrist shot by Brock Boeser.
3:32 of 3rd period - Stopped by Jake Oettinger without a rebound.
3:33 of 3rd period - Brock Boeser wins face-off versus Brayden Point in Washington Capitals zone.
3:38 of 3rd period - Backhand shot by Jake DeBrusk.
3:38 of 3rd period - Shot Misses the Net.
3:40 of 3rd period - Snap shot by Brett Pesce.
3:40 of 3rd period - Shot Blocked by John Carlson.
3:42 of 3rd period - Snap shot by Brock Boeser.
3:42 of 3rd period - Shot Misses the Net.
3:44 of 3rd period - Snap shot by Mikael Backlund.
3:44 of 3rd period - Stopped by Jake Oettinger without a rebound.
3:45 of 3rd period - Mikael Backlund wins face-off versus Brayden Point in Washington Capitals zone.
4:10 of 3rd period - David Perron is hit by Nico Hischier.
4:20 of 3rd period - Snap shot by Brad Marchand.
4:20 of 3rd period - Shot Misses the Net.
4:24 of 3rd period - Snap shot by Nico Hischier.
4:24 of 3rd period - Goal by Nico Hischier - Edmonton Oilers : 1 - Washington Capitals : 2.
4:25 of 3rd period - Brayden Point wins face-off versus Mikael Backlund in neutral zone.
4:32 of 3rd period - Wrist shot by Brayden Point.
4:32 of 3rd period - Stopped by Matt Murray with a rebound.
4:52 of 3rd period - Boone Jenner is hit by David Savard and loses puck.
5:38 of 3rd period - Snap shot by Dominik Kubalik.
5:38 of 3rd period - Stopped by Matt Murray without a rebound.
5:39 of 3rd period - Mikael Backlund wins face-off versus Isac Lundestrom in Edmonton Oilers zone.
5:48 of 3rd period - Slapshot by Brock Boeser.
5:48 of 3rd period - Shot Blocked by Nick Foligno.
6:04 of 3rd period - Wrist shot by Nick Foligno.
6:04 of 3rd period - Shot Misses the Net.
6:06 of 3rd period - Wrist shot by Nick Foligno.
6:06 of 3rd period - Stopped by Matt Murray with a rebound.
6:08 of 3rd period - Slapshot by David Savard.
6:08 of 3rd period - Stopped by Matt Murray without a rebound.
6:09 of 3rd period - Boone Jenner wins face-off versus Brayden Point in Edmonton Oilers zone.
6:22 of 3rd period - Slapshot by David Perron.
6:22 of 3rd period - Deflect By Adrian Kempe.
6:22 of 3rd period - Shot Hit the Post.
6:22 of 3rd period - Puck is out of play.
6:23 of 3rd period - Brayden Point wins face-off versus Mikael Backlund in Washington Capitals zone.
6:23 of 3rd period - Brayden Point is hit by Jake DeBrusk.
6:46 of 3rd period - Minor Penalty to Boone Jenner for Interference.
6:47 of 3rd period - Derek Grant wins face-off versus Brayden Point in Edmonton Oilers zone.
7:16 of 3rd period - Wrist shot by Owen Tippett.
7:16 of 3rd period - Shot Misses the Net.
7:18 of 3rd period - Slapshot by Dylan DeMelo.
7:18 of 3rd period - Stopped by Matt Murray without a rebound.
7:19 of 3rd period - Jeff Carter wins face-off versus Alex Ovechkin in Edmonton Oilers zone.
7:44 of 3rd period - Nico Hischier is hit by Jeff Carter and loses puck.
8:42 of 3rd period - Icing by Brayden Point.
8:43 of 3rd period - Brayden Point wins face-off versus Jeff Carter in Washington Capitals zone.
8:46 of 3rd period - Penalty to Boone Jenner is over, Boone Jenner is back on ice.
9:18 of 3rd period - Jordan Kyrou is hit by Brandon Carlo and loses puck.
9:55 of 3rd period - Snap shot by Brayden Point.
9:55 of 3rd period - Stopped by Matt Murray with a rebound.
9:57 of 3rd period - Snap shot by Alex Ovechkin.
9:57 of 3rd period - Stopped by Matt Murray without a rebound.
9:58 of 3rd period - Alex Ovechkin wins face-off versus Boone Jenner in Edmonton Oilers zone.
10:25 of 3rd period - Mikael Backlund is hit by Brad Marchand and loses puck.
11:22 of 3rd period - Icing by Nick Foligno.
11:23 of 3rd period - Boone Jenner wins face-off versus Brayden Point in Washington Capitals zone.
11:24 of 3rd period - Snap shot by David Perron.
11:24 of 3rd period - Stopped by Jake Oettinger without a rebound.
11:25 of 3rd period - Alex Ovechkin wins face-off versus Boone Jenner in Washington Capitals zone.
11:25 of 3rd period - Alex Ovechkin is hit by Boone Jenner.
11:32 of 3rd period - Off-side.
11:33 of 3rd period - Mikael Backlund wins face-off versus Brayden Point in neutral zone.
11:38 of 3rd period - Icing by Nick Jensen.
11:39 of 3rd period - Mikael Backlund wins face-off versus Brayden Point in Washington Capitals zone.
11:40 of 3rd period - Snap shot by Brock Boeser.
11:40 of 3rd period - Shot Misses the Net.
11:52 of 3rd period - Snap shot by Jake DeBrusk.
11:52 of 3rd period - Stopped by Jake Oettinger without a rebound.
11:53 of 3rd period - Boone Jenner wins face-off versus Brayden Point in Washington Capitals zone.
11:54 of 3rd period - Wrist shot by David Perron.
11:54 of 3rd period - Stopped by Jake Oettinger without a rebound.
11:55 of 3rd period - Brayden Point wins face-off versus Boone Jenner in Washington Capitals zone.
12:23 of 3rd period - Snap shot by Evan Bouchard.
12:23 of 3rd period - Shot Blocked by Ian Cole.
12:53 of 3rd period - Slapshot by Jordan Kyrou.
12:53 of 3rd period - Stopped by Matt Murray with a rebound.
12:59 of 3rd period - Minor Penalty to Jacob Trouba for Roughing.
13:00 of 3rd period - Brayden Point wins face-off versus Derek Grant in Edmonton Oilers zone.
13:22 of 3rd period - Icing by John Carlson.
13:23 of 3rd period - Jeff Carter wins face-off versus Nico Hischier in Washington Capitals zone.
13:26 of 3rd period - Wrist shot by Alex Iafallo.
13:26 of 3rd period - Stopped by Jake Oettinger without a rebound.
13:27 of 3rd period - Nico Hischier wins face-off versus Jeff Carter in Washington Capitals zone.
13:37 of 3rd period - Drake Batherson is hit by Jeff Carter and loses puck.
13:52 of 3rd period - Derek Grant is hit by John Carlson and loses puck.
14:50 of 3rd period - Slapshot by John Carlson.
14:50 of 3rd period - Shot Blocked by Scott Mayfield.
14:50 of 3rd period - Scott Mayfield from Edmonton Oilers is injured at 14:50 of 3rd period (Right Foot).
14:51 of 3rd period - Brayden Point wins face-off versus Derek Grant in Edmonton Oilers zone.
14:52 of 3rd period - Wrist shot by Alex Ovechkin.
14:52 of 3rd period - Goal by Alex Ovechkin - Edmonton Oilers : 1 - Washington Capitals : 3.
14:53 of 3rd period - Brayden Point wins face-off versus Boone Jenner in neutral zone.
14:56 of 3rd period - Adrian Kempe is hit by John Carlson.
15:47 of 3rd period - John Carlson is hit by Evan Bouchard and loses puck.
15:50 of 3rd period - Slapshot by John Carlson.
15:50 of 3rd period - Stopped by Matt Murray with a rebound.
16:08 of 3rd period - Slapshot by Dawson Mercer.
16:08 of 3rd period - Shot Misses the Net.
16:10 of 3rd period - Snap shot by Dawson Mercer.
16:10 of 3rd period - Stopped by Jake Oettinger without a rebound.
16:11 of 3rd period - Jeff Carter wins face-off versus Michael Mcleod in Washington Capitals zone.
16:12 of 3rd period - Snap shot by Alex Iafallo.
16:12 of 3rd period - Shot Misses the Net.
16:36 of 3rd period - Jason Robertson is hit by David Perron and loses puck.
16:43 of 3rd period - Alex Ovechkin is hit by Boone Jenner.
17:01 of 3rd period - Slapshot by Nico Hischier.
17:01 of 3rd period - Stopped by Matt Murray with a rebound.
17:07 of 3rd period - Snap shot by Evan Bouchard.
17:07 of 3rd period - Stopped by Jake Oettinger with a rebound.
17:37 of 3rd period - Off-side.
17:38 of 3rd period - Michael Mcleod wins face-off versus Blake Wheeler in neutral zone.
17:47 of 3rd period - Wrist shot by Blake Wheeler.
17:47 of 3rd period - Shot Blocked by Ian Cole.
18:15 of 3rd period - Dylan DeMelo is hit by Ryker Evans and loses puck.
18:28 of 3rd period - Drake Batherson is hit by Jacob Trouba and loses puck.
18:33 of 3rd period - Wrist shot by Brock Boeser.
18:33 of 3rd period - Shot Misses the Net.
18:35 of 3rd period - Wrist shot by Jake DeBrusk.
18:35 of 3rd period - Stopped by Jake Oettinger with a rebound.
18:49 of 3rd period - Drake Batherson is hit by Brock Boeser and loses puck.
19:55 of 3rd period - Adrian Kempe is hit by Nick Foligno and loses puck.
Goals for this period are 0 for Edmonton Oilers vs 3 for Washington Capitals.
Shots for this period are 13 for Edmonton Oilers vs 16 for Washington Capitals.
Back to the Top